 Dungeon Crawl Stone Soup version 0.13-a0-3073-ga7cf4ae (webtiles) character file.

777 Duskembrace the Sneak (level 7, -8/32 HPs)
             Began as a Spriggan Enchanter on Sept 16, 2013.
             Mangled by Menkaure (14 damage)
             ... on Level 4 of the Dungeon.
             The game lasted 00:17:11 (4347 turns).

Duskembrace the Sneak (Spriggan Enchanter)          Turns: 4347, Time: 00:17:11

HP  -8/32        AC  3     Str  5      XL: 7   Next: 25%
MP  13/22        EV 19     Int 17      God:
Gold 143         SH  0     Dex 17      Spells:  3 memorised, 10 levels left

Res.Fire  : . . .   See Invis. : +   a - +1 dagger {=f}
Res.Cold  : . . .   Warding    : .   b - +1 robe
Life Prot.: . . .   Conserve   : .   (shield restricted)
Res.Poison: .       Res.Corr.  : .   (helmet restricted)
Res.Elec. : .       Clarity    : .   (no cloak)
Sust.Abil.: . .     Spirit.Shd : .   (gloves unavailable)
Res.Mut.  : .       Stasis     : .   (boots unavailable)
Res.Rott. : .       Flight     : .   (no amulet)
Saprovore : . . .                    (no ring)
                                     i - ring of sustenance

@: very quick, somewhat resistant to hostile enchantments, very stealthy
A: unfitting armour, see invisible, herbivore 3, speed 3, slow metabolism 2
a: no special abilities


You were on level 4 of the Dungeon.
You were not hungry.

You visited 1 branch of the dungeon, and saw 4 of its levels.

You collected 123 gold pieces.

Inventory:

Hand weapons
 a - a +1,+1 dagger (weapon) {=f}
 h - a +0,+0 dagger
Missiles
 d - 12 darts (quivered)
Armour
 b - a +1 robe (worn)
 m - a +0 buckler
Comestibles
 p - 3 bread rations
Scrolls
 e - a scroll of enchant weapon II {unknown}
 g - 4 scrolls of remove curse {unknown}
 k - a scroll of curse armour {unknown}
 n - 2 scrolls of enchant weapon I {unknown}
 q - a scroll of fog {unknown}
 r - a scroll of random uselessness {unknown}
 u - a scroll of teleportation {unknown}
 v - a scroll of enchant armour {unknown}
 w - a scroll of fear {unknown}
 x - a scroll of identify {unknown}
 y - a scroll of noise {unknown}
Jewellery
 i - a ring of sustenance (left hand)
 j - an uncursed ring of fire {unknown}
Potions
 f - a potion of magic {unknown}
 l - a potion of curing {unknown}
 o - 2 potions of restore abilities {unknown}
 s - a potion of heal wounds {unknown}
 t - a potion of brilliance {unknown}
 z - a potion of poison {unknown}
Books
 c - a book of Maledictions

   Spells                             Type                      Level
   *Corona                            Hexes                        1
   Sure Blade                         Hexes/Charms                 2
   *Ensorcelled Hibernation           Hexes/Ice                    2
   *Confuse                           Hexes                        3
   Enslavement                        Hexes                        4
   Invisibility                       Hexes                        6


   Skills:
 + Level 1.5 Short Blades
 + Level 1.1 Throwing
 + Level 4.0 Dodging
 + Level 7.4 Stealth
   Level 0.7 Shields
 + Level 5.4 Spellcasting
 + Level 5.9 Hexes


You had 10 spell levels left.
You knew the following spells:

 Your Spells              Type           Power        Failure   Level  Hunger
a - Corona                Hex            ###....      1%          1    None
b - Ensorcelled Hibernat  Hex/Ice        ##....       10%         2    #......
c - Confuse               Hex            ###.....     4%          3    ###....


Dungeon Overview and Level Annotations

Branches:
Dungeon (4/27)
 Temple: D:4-7

Altars:
Xom
Yredelemnul
the Shining One

Annotations:
D:4 Menkaure


Innate Abilities, Weirdness & Mutations

You are tiny and cannot use many weapons and most armour.
You have supernaturally acute eyesight.
You are a herbivore.
You cover ground extremely quickly.
You need consume almost no food.


Message History

Menkaure seems less confused.
Menkaure hits you but does no damage.
You see here a worker ant corpse.
Casting: Ensorcelled Hibernation
Confirm with . or Enter, or press ? or * to list all spells.
Aiming: Confuse
Press: ? - help, Shift-Dir - straight line, f - Menkaure
Aim: Menkaure (moderately damaged, moving very quickly) Menkaure appears confused.
Menkaure misses you.
You hit Menkaure.
Menkaure is moderately damaged.
You hit Menkaure.
Menkaure is heavily damaged.
Menkaure hits you!
Ouch! That really hurt!
* * * LOW HITPOINT WARNING * * *
You barely miss Menkaure.
Menkaure is heavily damaged.
Menkaure hits you!
You die...

#♣♣♣♣♣ ♣..
####♣♣♣♣♣..♣♣
#...%@M..♣♣
#.#.....♣♣♣
#.##♣♣♣♣♣♣
#.##♣♣♣♣♣♣
#.# #.# #.#
#.# #.# ♣


You could see Menkaure (confused).

Vanquished Creatures
  4 ogres
  An orc wizard (D:4)
  An iguana (D:4)
  A hound (D:4)
  4 worker ants (D:4)
  Ijyb (D:4)
  3 gnolls (D:3)
  4 adders
  A giant eyeball (D:4)
  A giant gecko (D:3)
  6 orcs
  A ball python (D:1)
  7 bats
  2 giant cockroaches
  4 hobgoblins
  A giant gecko skeleton (D:4)
  4 giant newts
  7 goblins
  2 hobgoblin skeletons (D:4)
  12 kobolds
  10 rats
77 creatures vanquished.

Notes
Turn   | Place    | Note
--------------------------------------------------------------
     0 | D:1      | Duskembrace, the Spriggan Enchanter, began the quest for the Orb.
     0 | D:1      | Reached XP level 1. HP: 9/9 MP: 4/4
   436 | D:1      | Reached skill level 4 in Hexes
   465 | D:1      | Reached XP level 2. HP: 10/13 MP: 4/6
   469 | D:1      | Learned a level 2 spell: Ensorcelled Hibernation
  1397 | D:1      | Noticed a phantom
  1713 | D:2      | Found a basalt altar of Yredelemnul.
  1805 | D:2      | Found a glowing golden altar of the Shining One.
  1805 | D:2      | Found a shimmering altar of Xom.
  2023 | D:2      | Reached XP level 3. HP: 12/16 MP: 1/9
  2028 | D:2      | Learned a level 3 spell: Confuse
  2648 | D:3      | Reached XP level 4. HP: 10/21 MP: 0/12
  2908 | D:3      | Noticed an ogre
  3077 | D:3      | Killed an ogre
  3077 | D:3      | Reached skill level 5 in Hexes
  3077 | D:3      | Reached XP level 5. HP: 12/24 MP: 0/16
  3520 | D:4      | Noticed an ogre
  3545 | D:4      | Killed an ogre
  3545 | D:4      | Reached skill level 5 in Stealth
  3671 | D:4      | Noticed an ogre
  3691 | D:4      | Killed an ogre
  3691 | D:4      | Reached XP level 6. HP: 28/28 MP: 15/20
  3824 | D:4      | Noticed an ogre
  3831 | D:4      | Reached skill level 6 in Stealth
  3849 | D:4      | Killed an ogre
  3849 | D:4      | Reached skill level 5 in Spellcasting
  4093 | D:4      | Reached XP level 7. HP: 27/32 MP: 17/22
  4099 | D:4      | Noticed Ijyb
  4114 | D:4      | Reached skill level 7 in Stealth
  4133 | D:4      | Killed Ijyb
  4319 | D:4      | Noticed Menkaure
  4347 | D:4      | Mangled by Menkaure

Action                   |  1- 3 |  4- 6 |  7- 9 || total
-------------------------+-------+-------+-------++-------
Melee: Dagger            |   109 |    51 |    21 ||   181
 Cast: Corona            |    11 |       |       ||    11
       Ensorcelled Hiber |    25 |    42 |    14 ||    81
       Confuse           |       |     5 |     4 ||     9
  Use: Potion            |     1 |       |       ||     1
 Stab: Sleeping          |    16 |    25 |     9 ||    50
       Confused          |       |     2 |     1 ||     3
